 Dungeon Crawl Stone Soup version 0.17-a0-1989-gfb2cd5c (webtiles) character file.

21601 Ordine the Grappler (level 12, -7/123 HPs)
             Began as a Troll Monk on Oct 7, 2015.
             Mangled by a slime creature (18 damage)
             ... on level 1 of the Pits of Slime.
             The game lasted 00:55:36 (11335 turns).

Ordine the Grappler (Troll Monk)                   Turns: 11335, Time: 00:55:38

Health: -7/123     AC: 12    Str: 24    XL:     12   Next: 55%
Magic:  0/11       EV: 10    Int:  6    God:
Gold:   268        SH:  0    Dex: 15    Spells: 0 memorised, 11 levels left

rFire  + . .     SeeInvis +       - Unarmed
rCold  . . .     Clarity  .     x - +2 robe {rF+}
rNeg   . . .     SustAt   .     (no shield)
rPois  +         Gourm    +     (helmet restricted)
rElec  .         Spirit   +     H - +0 cloak {+Inv}
rCorr  .         Warding  .     (gloves unavailable)
rMut   .         Stasis   .     (boots unavailable)
MR     .....                    L - amulet of guardian spirit
Stlth  +.........               I - ring of poison resistance
                                r - ring of see invisible

@: about to teleport, not resistant to hostile enchantments, very unstealthy
A: unfitting armour, antennae 1, claws 3, rough black scales 1, deterioration 1,
fast metabolism 3, gourmand, regeneration 2, screaming 2, shaggy fur 1, spit
poison 1, strong 1, tough skin 2
a: Spit Poison, Evoke Invisibility


You were on level 1 of the Pits of Slime.
You were very full.

You visited 4 branches of the dungeon, and saw 18 of its levels.
You also visited: Bailey.

You collected 643 gold pieces.
You spent 375 gold pieces at shops.

Inventory:

Armour
 x - a +2 robe of fire resistance (worn)
 E - a +0 large shield
 H - a +0 cloak of invisibility (worn)
Magical Staves
 v - an uncursed staff of wizardry
 N - an uncursed staff of earth
 P - an uncursed staff of cold
Jewellery
 f - an uncursed ring of sustain attributes
 r - a ring of see invisible (left claw)
 I - a ring of poison resistance (right claw)
 L - an amulet of guardian spirit (around neck)
Wands
 i - a wand of cold (3)
 k - a wand of fire (6)
 p - a wand of teleportation (7)
 s - a wand of digging (9)
 D - a wand of lightning (2)
Scrolls
 g - 2 scrolls of teleportation
 l - 2 scrolls of amnesia
 o - a scroll of enchant weapon
 u - 2 scrolls of fear
 y - 6 scrolls of remove curse
 F - 4 scrolls of magic mapping
 M - a scroll of enchant armour
Potions
 a - 2 potions of cancellation
 c - a potion of degeneration {unknown}
 d - 4 potions of heal wounds
 e - 3 potions of lignification
 h - 8 potions of curing
 n - 2 potions of resistance
 q - 2 potions of cure mutation {unknown}
 w - 3 potions of berserk rage {unknown}
 B - a potion of flight {unknown}
 C - 3 potions of brilliance
 G - 2 potions of invisibility {unknown}
 O - 3 potions of ambrosia {unknown}
 R - 2 potions of magic {unknown}
Books
 z - a book of Dreams

   Spells                             Type                      Level
   a - Ensorcelled Hibernation        Hexes/Ice                    2
   b - Phase Shift                    Translocation                5
   c - Shadow Creatures               Summoning                    5
   d - Silence                        Hexes/Air                    5
   e - Darkness                       Hexes                        6
   f - Mass Confusion                 Hexes                        6
 J - a book of the Earth

   Spells                             Type                      Level
   a - Leda's Liquefaction            Hexes/Earth                  4
   b - Bolt of Magma                  Conjuration/Fire/Earth       5
   c - Statue Form                    Transmutation/Earth          6
   d - Iron Shot                      Conjuration/Earth            6
   e - Shatter                        Earth                        9
 K - the Tome of Dusty Transformation
   (You found it on level 6 of the Lair of Beasts)

   Spells                             Type                      Level
   a - Beastly Appendage              Transmutation                1
   b - Passwall                       Transmutation/Earth          3
   c - Petrify                        Transmutation/Earth          4
   d - Blade Hands                    Transmutation                5
Comestibles
 b - 8 bread rations
 j - 12 chunks of flesh
 m - 4 beef jerkies
 t - 7 meat rations
 A - 35 fruits
 Q - a royal jelly


   Skills:
 + Level 9.3 Fighting
 + Level 9.3 Dodging
 - Level 1.1 Stealth
 * Level 14.9 Unarmed Combat


You had 11 spell levels left.
You didn't know any spells.

Dungeon Overview and Level Annotations

Branches:
Dungeon (10/15)            Temple (1/1) D:6            Lair (6/8) D:9
  Snake (0/4) Lair:3        Slime (1/6) Lair:6          Orc (0/4) D:10
  Swamp: Lair:3-6    Shoals: Lair:3-6

Altars:
Ashenzari
Cheibriados
Dithmenos
Elyvilon
Fedhas
Gozag
Kikubaaqudgha
Makhleb
Nemelex Xobeh
Okawaru
Qazlal
Ru
Sif Muna
Trog
Vehumet
Xom
Yredelemnul
Zin
The Shining One

Shops:
D:4 (   D:7 [   D:8 *   D:9 (}(   D:10 ?[


Innate Abilities, Weirdness & Mutations

You are too large for most types of armour.
You have claws for hands.
Your metabolism is lightning-fast.
You like to eat raw meat.
You heal very quickly.
You are covered in fur (AC +1).
You have very tough skin (AC +2).
You have a pair of small antennae on your head.
You are partially covered in rough black scales (AC +4, Dex -1).
Your body sometimes deteriorates upon taking damage.
You sometimes yell uncontrollably at your foes.
You can spit weak poison.
Your muscles are strong. (Str +2)


Message History

Unknown command.
Unknown command.
Read which item? (? for menu, Esc to quit)
As you read the scroll of teleportation, it crumbles to dust.
You feel strangely unstable. The slime creature misses you.
The slime creature completely misses you.
The slime creature hits you!!
Two slime creatures merge to form a very large slime creature.
The large slime creature misses you. The slime creature hits you!
The slime creature hits you!
An eye of draining comes into view.
Unknown command.
You can't go down here!
The slime creature hits you!
A very large slime creature splits.
The slime creature hits you but does no damage.
The slime creature closely misses you. The slime creature hits you!
The large slime creature hits you!!!
* * * LOW HITPOINT WARNING * * *
The slime creature hits you!!
You die...

,,,,,,,*,,,,,,,,,,,*,,,,,,**
,,,,,,,,,,....,.##*,,,**,,,*
>,,,,,,,,.,...,#.##*,***,,**
,,**,,,,,..,......#*###,,,*
,,,,,,*,,#..,.....##..*#,**
,,,,,,,,,....#.#...^...#**
,,,,,,,>,..........#..#*
,,,,,,,,,......JJJ..#,**
,,,,,,,,,*#...JJ@JJ#,,,**
,,,,,,,,,,##...JJJ..#,*,**
,,,,,,,,,*,##......##*,,,* ***
,,,,,,,,,,,.........#,,,,***,**
**,*,,,,,.............>,,,*,,,**
****,,,,,..J.##.J......,,*,,,,,**
*,*,,,,,,....,#..J......,,,,,,,,*
,,,*,,,,,...,,..GJ.J....,,,,,,,**
,,,,,,,,,,**,,,,,,,,*,,,,,,,,,**


You could see 2 azure jellies, 2 large slime creatures, 10 slime creatures, an
eye of draining and a jelly.

Vanquished Creatures
  A hydra (Lair:6)
  The ghost of Morphine the Thaumaturge, a novice DECj of Vehumet (D:9)
  A griffon (Lair:6)
  An orc knight (Bailey)
  6 elephants (Lair:6)
  4 spiny frogs
  5 komodo dragons
  A fire drake (Lair:6)
  A spriggan druid (Lair:6)
  A polar bear (Lair:6)
  Prince Ribbit (D:5)
  3 slime creatures (Lair:6)
  3 blink frogs (Lair:2)
  Sigmund (D:5)
  A deep elf mage (D:10)
  24 yaks
  5 hippogriffs
  A hungry ghost (D:8)
  A steam dragon (D:9)
  Menkaure (D:6)
  Edmund (D:5)
  6 wolves (Lair:6)
  3 nagas (Lair:3)
  4 orc warriors
  3 water moccasins
  Duvessa (D:6)
  4 phantoms
  4 ice beasts
  2 sky beasts (D:10)
  2 black bears
  3 porcupines
  5 necrophages (D:10)
  7 ogres
  6 crocodiles
  4 centaurs
  2 big kobolds
  7 giant frogs
  A gnoll sergeant (D:9)
  Dowan (D:6)
  A water moccasin zombie (D:10)
  A scorpion (Lair:2)
  3 killer bees (D:8)
  7 wights
  3 centaur zombies (D:10)
  7 crimson imps
  2 quasits (D:7)
  A giant frog zombie (D:10)
  5 hounds
  5 orc wizards
  Crazy Yiuf (D:6)
  An orc priest (D:8)
  4 jellies
  Jessica (D:3)
  Natasha (thrice) (D:3)
  A centaur skeleton (D:5)
  4 iguanas
  4 worker ants
  5 sheep
  A hound zombie (D:10)
  2 mummies (D:10)
  2 worker ant zombies
  18 gnolls
  10 adders
  A shadow imp (D:9)
  6 river rats (Lair:6)
  2 adder skeletons
  2 worms
  9 giant geckos
  39 orcs
  8 bats
  20 hobgoblins
  5 quokkas
  7 giant cockroaches
  A giant cockroach zombie (D:5)
  2 giant gecko zombies
  6 giant newts
  10 goblins
  6 jackals
  22 kobolds
  A quokka skeleton (D:3)
  8 rats
376 creatures vanquished.

Vanquished Creatures (others)
  5 fungi (Lair:6)
  3 plants (Lair:6)
8 creatures vanquished.

Grand Total: 384 creatures vanquished

Notes
Turn   | Place    | Note
--------------------------------------------------------------
     0 | D:1      | Ordine the Troll Monk began the quest for the Orb.
     0 | D:1      | Reached XP level 1. HP: 22/22 MP: 0/0
   106 | D:1      | Reached XP level 2. HP: 29/29 MP: 1/1
   618 | D:1      | Reached XP level 3. HP: 36/36 MP: 2/2
  1282 | D:2      | Found a shattered altar of Ashenzari.
  1309 | D:2      | Reached XP level 4. HP: 44/44 MP: 3/3
  1478 | D:3      | Noticed Natasha
  1487 | D:3      | Killed Natasha
  1487 | D:3      | Reached skill level 5 in Unarmed Combat
  1592 | D:3      | Noticed Natasha
  1597 | D:3      | Killed Natasha
  1646 | D:3      | Noticed Jessica
  1654 | D:3      | Killed Jessica
  1654 | D:3      | Reached XP level 5. HP: 50/53 MP: 4/4
  1685 | D:3      | Noticed Natasha
  1705 | D:3      | Killed Natasha
  2263 | D:4      | Noticed an ogre
  2274 | D:4      | HP: 1/53 [ogre/giant club (25)]
  2275 | D:4      | Killed an ogre
  2593 | D:4      | Reached XP level 6. HP: 61/61 MP: 5/5
  2745 | D:4      | Reached skill level 6 in Unarmed Combat
  2774 | D:4      | Found Koag's Antique Weapon Shop.
  3459 | D:5      | Entered Level 5 of the Dungeon
  3608 | D:5      | Reached XP level 7. HP: 65/68 MP: 6/6
  3641 | D:5      | Noticed Edmund
  3651 | D:5      | Killed Edmund
  3651 | D:5      | Reached skill level 7 in Unarmed Combat
  4054 | D:5      | Noticed Sigmund
  4066 | D:5      | Killed Sigmund
  4066 | D:5      | Reached XP level 8. HP: 77/79 MP: 7/7
  4176 | D:5      | Found a sparkling altar of Nemelex Xobeh.
  4201 | D:5      | Noticed Prince Ribbit
  4547 | D:5      | Killed Prince Ribbit
  4547 | D:5      | Reached skill level 8 in Unarmed Combat
  4604 | D:6      | Noticed Duvessa
  4607 | D:6      | Noticed Dowan
  4622 | D:6      | Killed Duvessa
  4636 | D:6      | Killed Dowan
  4636 | D:6      | Reached skill level 5 in Dodging
  4700 | D:6      | Noticed Menkaure
  4708 | D:6      | Killed Menkaure
  4708 | D:6      | Reached skill level 5 in Fighting
  4897 | D:6      | Noticed Crazy Yiuf
  4901 | D:6      | Killed Crazy Yiuf
  4980 | D:6      | Reached skill level 9 in Unarmed Combat
  5210 | D:6      | Found a staircase to the Ecumenical Temple.
  5216 | Temple   | Entered the Ecumenical Temple
  5533 | D:7      | Reached XP level 9. HP: 80/88 MP: 8/8
  5741 | D:7      | Found Xusuatic's Antique Armour Shoppe.
  5749 | D:7      | Bought a wizard robe for 142 gold pieces
  5759 | D:7      | Identified the +0 robe of Duevet {MP+9 Str+2} (You bought it in a shop on level 7 of the Dungeon)
  5769 | D:7      | Bought a runed robe for 17 gold pieces
  6106 | D:8      | Reached skill level 10 in Unarmed Combat
  6306 | D:7      | Bought a glowing cloak for 112 gold pieces
  6363 | D:8      | Found Neifumag's Assorted Antiques.
  6427 | D:8      | Found a burning altar of Makhleb.
  6531 | D:8      | Found a shattered altar of Ashenzari.
  6533 | D:8      | Found a sparkling altar of Nemelex Xobeh.
  6535 | D:8      | Found a shimmering altar of Xom.
  6537 | D:8      | Found a glowing golden altar of the Shining One.
  6537 | D:8      | Found a shadowy altar of Dithmenos.
  6538 | D:8      | Found an iron altar of Okawaru.
  6566 | D:8      | You fall through a shaft!
  6575 | D:9      | Found Lihogied's Gadget Shoppe.
  6691 | D:9      | Found Hoenk's Antique Weapon Shoppe.
  7201 | D:9      | Noticed Morphine's ghost (novice DECj)
  7208 | D:9      | Killed Morphine's ghost
  7208 | D:9      | Reached skill level 11 in Unarmed Combat
  7208 | D:9      | Reached XP level 10. HP: 95/100 MP: 7/9
  7339 | D:9      | Found a bloodstained altar of Trog.
  7526 | D:9      | Found a staircase to the Lair.
  7720 | D:9      | Found Liyziuc's Weapon Boutique.
  8030 | D:10     | Entered Level 10 of the Dungeon
  8075 | D:10     | Found a flagged portal.
  8107 | Bailey   | Entered a bailey
  8233 | Bailey   | Noticed an orc knight
  8249 | Bailey   | Killed an orc knight
  8249 | Bailey   | Reached skill level 12 in Unarmed Combat
  8444 | D:10     | Found a staircase to the Orcish Mines.
  8444 | D:10     | Found Naygir's Armour Boutique.
  8597 | D:10     | Reached XP level 11. HP: 66/109 MP: 7/10
  8820 | D:10     | Found Hiamil's Magic Scroll Emporium.
  8823 | D:10     | Bought a scroll of identify for 26 gold pieces
  8823 | D:10     | Bought a scroll of identify for 26 gold pieces
  8823 | D:10     | Bought a scroll of identify for 26 gold pieces
  8823 | D:10     | Bought a scroll of identify for 26 gold pieces
  8827 | D:10     | Gained mutation: You are partially covered in rough black scales (AC +4, Dex -1). [potion of mutation]
  8827 | D:10     | Gained mutation: You can spit weak poison. [potion of mutation]
  8827 | D:10     | Gained mutation: You possess an exceptional clarity of mind. [potion of mutation]
  8828 | D:10     | Gained mutation: Your muscles are strong. (Str +2) [potion of mutation]
  8828 | D:10     | Gained mutation: Your body sometimes deteriorates upon taking damage. [potion of mutation]
  8828 | D:10     | Lost mutation: Your muscles are strong. (Str +2) [potion of mutation]
  8829 | D:10     | Lost mutation: You possess an exceptional clarity of mind. [potion of mutation]
  8829 | D:10     | Gained mutation: You are dopey. (Int -2) [potion of mutation]
  8830 | D:10     | Gained mutation: Your magical capacity is low (-10% MP). [potion of mutation]
  8830 | D:10     | Gained mutation: You occasionally shout uncontrollably at your foes. [potion of mutation]
  8830 | D:10     | Gained mutation: You have a pair of small antennae on your head. [potion of mutation]
  8831 | D:10     | Gained mutation: Your muscles are strong. (Str +2) [potion of mutation]
  8831 | D:10     | Gained mutation: You possess an exceptional clarity of mind. [potion of mutation]
  8831 | D:10     | Lost mutation: You are dopey. (Int -2) [potion of mutation]
  9201 | D:10     | Lost mutation: You possess an exceptional clarity of mind. [mutagenic meat]
  9204 | D:10     | Lost mutation: Your magical capacity is low (-10% MP). [mutagenic meat]
  9205 | D:10     | Gained mutation: You sometimes yell uncontrollably at your foes. [mutagenic meat]
  9469 | Lair:1   | Entered Level 1 of the Lair of Beasts
  9514 | Lair:1   | Reached skill level 13 in Unarmed Combat
  9782 | Lair:3   | Noticed a six-headed hydra
  9968 | Lair:3   | Found a staircase to the Snake Pit.
 10324 | Lair:6   | Identified the Tome of Dusty Transformation (You found it on level 6 of the Lair of Beasts)
 10356 | Lair:6   | Reached skill level 14 in Unarmed Combat
 10433 | Lair:6   | Reached XP level 12. HP: 69/122 MP: 7/11
 10532 | Lair:6   | Noticed a four-headed hydra
 10727 | Lair:6   | HP: 6/122 [elephant (16)]
 10998 | Lair:6   | Killed a five-headed hydra
 11320 | Lair:6   | Found a staircase to the Slime Pits.
 11332 | Slime:1  | Entered Level 1 of the Pits of Slime
 11332 | Slime:1  | Noticed an azure jelly
 11335 | Slime:1  | Mangled by a slime creature

Vault maps used:
D:1:      saegor_arrival_simple_f
D:2:      lemuel_upstairs_altar, ashenzari_altar_1
D:3:      uniq_natasha, uniq_jessica
D:4:      serial_shops, nicolae_shop_behind_doors, grunt_decor_resistance
D:5:      first_bread, kennysheep_nondescript, nemelex_spade_bored_becter,
          uniq_sigmund, uniq_edmund, uniq_prince_ribbit1
D:6:      minmay_temple_entry_overgrown, uniq_menkaure, uniq_crazy_yiuf_cottage,
          uniq_duvessa
D:7:      serial_shops, shop
D:8:      minitemple, makhleb_grotto_becter, serial_shops, nicolae_shop_crystal,
          blue_anna_alchemist
D:9:      erik_lair_dragon, basic_altar, serial_shops, nicolae_shop_stone, shop,
          shop
D:10:     orc_david_3, serial_undead, serial_undead_b, serial_undead_a,
          serial_undead_c, serial_undead_d, enter_bailey_3, serial_shops,
          kennysheep_mini
Temple:   water_room_temple_b_12
Lair:1:   lemuel_fruit_tree
Lair:2:   lemuel_reptile_caves, lemuel_fruit_fields
Lair:3:   guppyfry_snake_entry_island
Lair:4:   serial_bayou_lagoon_b
Lair:5:   minmay_shoals_entry_beasts, uniq_kirke
Lair:6:   minmay_slime_entry_pillars, kilobyte_rumbling_trees,
          infiniplex_staircase_pool_2
Bailey:   bailey_axe_2, bailey

Action                   |  1- 3 |  4- 6 |  7- 9 | 10-12 || total
-------------------------+-------+-------+-------+-------++-------
Melee: Unarmed           |   107 |   153 |   318 |   704 ||  1282
Evoke: Wand              |       |       |     4 |     6 ||    10
  Use: Scroll            |       |     9 |     6 |    13 ||    28
       Potion            |       |       |     3 |    14 ||    17
 Stab: Sleeping          |     4 |     4 |    12 |     2 ||    22
       Paralysed         |       |       |     2 |       ||     2
       Distracted        |       |       |     1 |       ||     1
  Eat: Chunk             |     9 |    27 |    42 |    45 ||   123
